 Dungeon Crawl Stone Soup version 0.29.1-2-gbd0b4ee654 (webtiles) character file.

Game seed: 2413232137311087373

585 safid the Shooter (level 7, 0/64 HPs)
             Began as a Minotaur Hunter on Nov 7, 2022.
             Was an Initiate of Okawaru.
             Slain by an orc warrior
             ... wielding a +0 glaive
              (8 damage)
             ... on level 8 of the Dungeon.
             The game lasted 00:08:26 (5280 turns).

safid the Shooter (Minotaur Hunter)                 Turns: 5280, Time: 00:08:27

Health: 0/64       AC:  7    Str: 15    XL:     7   Next: 14%
Magic:  6/6        EV: 10    Int:  6    God:    Okawaru [......]
Gold:   256        SH:  0    Dex: 16    Spells: 6/6 levels left

rFire   . . .      SeeInvis .   a - +0 shortbow
rCold   . . .      Faith    .   (shield currently unavailable)
rNeg    + . .      Spirit   .   r - +0 scale mail
rPois   .          Reflect  .   u - +0 hat
rElec   .          Harm     .   (no cloak)
rCorr   .          Rampage  .   d - +0 pair of gloves
Will    .....                   (no boots)
Stlth   ..........              (no amulet)
HPRegen 0.20/turn               v - ring of positive energy
MPRegen 0.10/turn               (no ring)

@: about to teleport
A: horns 2, retaliatory headbutt
a: Renounce Religion


You were on level 8 of the Dungeon.
You worshipped Okawaru.
Okawaru was noncommittal.
You visited 2 branches of the dungeon, and saw 7 of its levels.

You collected 256 gold pieces.

Inventory:

Hand Weapons
 a - a +0 shortbow (weapon)
Armour
 d - a +0 pair of gloves (worn)
 r - a +0 scale mail (worn)
 u - a +0 hat (worn)
Jewellery
 v - a ring of positive energy (left hand)
Wands
 b - a wand of iceblast (6)
 y - a wand of light (2)
Scrolls
 e - a scroll of enchant weapon {unknown}
 f - a scroll of summoning {unknown}
 g - 2 scrolls of teleportation
 h - 6 scrolls of identify {unknown}
 m - 3 scrolls of blinking {unknown}
 n - 4 scrolls of vulnerability {unknown}
 o - a scroll of acquirement {unknown}
 p - 3 scrolls of brand weapon {unknown}
 q - a scroll of poison {unknown}
Potions
 c - 2 potions of attraction {unknown}
 i - a potion of magic {unknown}
 j - 3 potions of curing {unknown}
 k - 2 potions of haste {unknown}
 l - 2 potions of lignification {unknown}
 s - a potion of flight {unknown}
 t - a potion of brilliance {unknown}
 w - a potion of degeneration {unknown}
 x - 2 potions of heal wounds {unknown}


   Skills:
 + Level 6.9 Fighting
 + Level 7.4 Ranged Weapons
 - Level 2.1 Dodging
 - Level 0.7 Stealth


You had 6 spell levels left.
You didn't know any spells.
Your spell library contained the following spells:

 Spells                   Type           Power      Damage    Failure   Level
 Ensorcelled Hibernation  Hex/Ice        0%         N/A       97%         2
 Gell's Gravitas          Tloc           0%         N/A       99%         3
 Lesser Beckoning         Tloc           0%         N/A       99%         3
 Spider Form              Tmut/Pois      0%         N/A       99%         3
 Teleport Other           Tloc           0%         N/A       99%         3
 Anguish                  Hex/Necr       0%         N/A       100%        4


Dungeon Overview and Level Annotations

Branches:
Dungeon (5/15)             Temple (1/1) D:4

Altars:
Ashenzari
Cheibriados
Dithmenos
Elyvilon
Hepliaklqana
Kikubaaqudgha
Nemelex Xobeh
Okawaru
Ru
Trog
Vehumet
Wu Jian
Xom
Yredelemnul
Zin
The Shining One

Shops:
D:2 *   D:3 (   D:4 *


Innate Abilities, Weirdness & Mutations

You have a pair of horns on your head.
You reflexively headbutt those who attack you in melee.


Message History

Found 14 gold pieces.
The bullfrog closely misses you. You furiously retaliate!
You headbutt the bullfrog. The bullfrog hits you. The bullfrog hits you!
The bullfrog hits you but does no damage.
The bullfrog hits you.
Found a shiny opal ring.
The bullfrog hits you.
Found 14 gold pieces.
An orc comes into view. It is wielding a +0 flail.
You see here 14 gold pieces.
The bullfrog attacks as you move away!
The bullfrog hits you but does no damage.
Found 14 gold pieces.
The bullfrog hits you but does no damage.
The bullfrog barely misses you. You furiously retaliate!
You headbutt the bullfrog. The bullfrog attacks as you move away!
The bullfrog hits you. The bullfrog attacks as you move away!
The bullfrog hits you but does no damage.
The bullfrog barely misses you.
The orc warrior hits you but does no damage.
The bullfrog hits you. The bullfrog attacks as you move away!
The bullfrog hits you.
The orc warrior hits you from afar with a +0 glaive!
The bullfrog hits you but does no damage.
The bullfrog hits you!
* * * LOW HITPOINT WARNING * * *
The orc attacks as you move away! The orc barely misses you.
The bullfrog hits you.
* * * LOW HITPOINT WARNING * * *
The orc attacks as you move away! The orc hits you with a +0 dagger.
* * * LOW HITPOINT WARNING * * *
The bullfrog attacks as you move away! The bullfrog hits you.
* * * LOW HITPOINT WARNING * * *
The bullfrog attacks as you move away! The bullfrog barely misses you.
The bullfrog hits you but does no damage.
As you read the scroll labelled ETUAXIRE PYDESH, it crumbles to dust.
You feel strangely unstable.
It was a scroll of teleportation.
The bullfrog closely misses you.
The orc warrior hits you from afar with a +0 glaive!
You die...

#### #####..##
##.......### ##
##...$......####.#
#@Fo......$.......
##oo........#=....
##...............
##o......#......
##............#
##....#......#
#####....#.##
##.$.#..#
#####....#.##


You could see an orc warrior, a bullfrog and 3 orcs.

Vanquished Creatures
  Eustachio (D:3)
  An ogre (D:5)
  A scorpion (D:4)
  A hound (D:4)
  An orc priest (D:5)
  Ijyb (D:3)
  An iguana (D:4)
  2 orc wizards
  A gnoll (D:1)
  2 adders
  A shadow imp (D:5)
  2 worms
  3 dart slugs
  An orc (D:5)
  11 endoplasms
  5 giant cockroaches
  13 goblins
  4 hobgoblins
  3 jackals (D:3)
  2 quokkas
  8 ball pythons
  8 bats
  6 frilled lizards
  5 kobolds
  5 rats
89 creatures vanquished.

Notes
Turn   | Place    | Note
-------+----------+-------------------------------------------
     0 | D:1      | safid the Minotaur Hunter began the quest for the Orb.
     0 | D:1      | Reached XP level 1. HP: 18/18 MP: 0/0
    56 | D:1      | Reached XP level 2. HP: 16/26 MP: 1/1
   389 | D:1      | Reached skill level 5 in Ranged Weapons
   389 | D:1      | Reached XP level 3. HP: 18/31 MP: 2/2
   943 | D:1      | Found a faded altar of an unknown god.
  1600 | D:2      | Found Ysuzxich's Assorted Antiques.
  1631 | D:2      | Reached XP level 4. HP: 40/40 MP: 3/3
  1818 | D:3      | Found Rutteor Rini's Weapon Shop.
  1949 | D:3      | Noticed Ijyb
  1961 | D:3      | Killed Ijyb
  2595 | D:4      | Reached XP level 5. HP: 47/47 MP: 4/4
  2747 | D:4      | Reached skill level 6 in Ranged Weapons
  2750 | D:4      | Reached skill level 5 in Fighting
  2931 | D:4      | Found a staircase to the Ecumenical Temple.
  3325 | Temple   | Entered the Ecumenical Temple
  3438 | Temple   | Became a worshipper of Warmaster Okawaru
  3488 | D:4      | Found Vunouderph's Assorted Antiques.
  3499 | D:4      | Found a shadowy altar of Dithmenos.
  3567 | D:4      | Found a basalt altar of Yredelemnul.
  3641 | D:4      | Found a shimmering altar of Xom.
  3705 | D:4      | Found a glowing silver altar of Zin.
  3938 | D:4      | Noticed Eustachio
  4328 | D:3      | Killed Eustachio
  4329 | D:3      | Reached XP level 6. HP: 16/57 MP: 5/5
  4652 | D:5      | Entered Level 5 of the Dungeon
  4659 | D:5      | Reached skill level 7 in Ranged Weapons
  4794 | D:4      | Reached XP level 7. HP: 37/64 MP: 6/6
  5083 | D:5      | You fall into a shaft and drop 3 floors!
  5199 | D:8      | Found an ancient bone altar of Kikubaaqudgha.
  5200 | D:8      | Found a hazy altar of Hepliaklqana.
  5200 | D:8      | Found a radiant altar of Vehumet.
  5280 | D:8      | Slain by an orc warrior

Illustrated notes

Levels and vault maps discovered:
D:1:      pf_arrival_petrified_forest, layout_basic,
          shapermc_ecumenical_altar_mp_vishouse
D:2:      layout_rooms, serial_shops, shop
D:3:      kennysheep_goblin_castle, layout_basic, serial_forest,
          infiniplex_forest_zigzag_2, infiniplex_forest_clump_cross,
          infiniplex_forest_straight_2, infiniplex_forest_clump_small,
          serial_shops, nicolae_shop_bloodbath_and_beyond,
          kennysheep_generic_room_11
D:4:      layout_cave_pods, overflow_temple_1_default, zin_statuary,
          mainiacjoe_overflow_swirl, minmay_temple_entry_glassed_door,
          serial_shops, nicolae_square_shop, uniq_ijyb, uniq_eustachio
D:5:      layout_basic, uniq_crazy_yiuf_cottage
D:8:      layout_cave_pods, chequers_temple_overflow_statue_of_worship,
          mainiacjoe_overflow_brackets, uniq_psyche
Temple:   kb_temple_of_zot

Skill      XL: |  1  2  3  4  5  6 |
---------------+-------------------+-----
Fighting       | 3 4 6 |  6.9
Ranged Weapons | 5 6 7 |  7.4
Dodging        | |  2.1
Stealth        | |  0.7

Action                   |  1- 3 |  4- 6 |  7- 9 || total
-------------------------+-------+-------+-------++-------
 Fire: Shortbow          |   106 |   168 |    35 ||   309
  Use: Scroll            |       |       |     1 ||     1
Armor: Leather armour    |     8 |     1 |       ||     9
       Scale mail        |       |    85 |    27 ||   112
Dodge: Dodged            |    25 |    87 |    10 ||   122
